MID
LEXINGTON LEGENDS @ KANNAPOLIS INTIMIDATORS
05/17/2044
 
TOP OF THE 1ST
Lexington Legends batting - Pitching for Kannapolis Intimidators : RHP Matt Hastings
Pitching: RHP Matt Hastings
Batting: RHB Danny Weisse 0-0: Ground out 6-3 (Groundball, 6, EV 81.2 MPH)
Batting: RHB Taisei Fujii 0-0: Ball
1-0: Called Strike
1-1: Swinging Strike
1-2: Ball
2-2: Ball
3-2: Ground out 5-3 (Groundball, 56S, EV 90.0 MPH)
Batting: LHB Danny Bailey 0-0: Swinging Strike
0-1: Foul Ball, location: 2F
0-2: SINGLE (Groundball, 34D, EV 103.8 MPH)
Batting: LHB Ho-win Zhou 0-0: Ball
1-0: Ball
Danny Bailey steals 2nd base
2-0: Called Strike
2-1: Ball
Passed Ball!
Danny Bailey to third
3-1: Ground out 4-3 (Groundball, 34, EV 107.5 MPH)
Top of the 1st over - 0 runs, 1 hit, 0 errors, 1 left on base; Lexington 0 - Kannapolis 0
BOTTOM OF THE 1ST
Kannapolis Intimidators batting - Pitching for Lexington Legends : RHP John Stein
Pitching: RHP John Stein
Batting: LHB Alberto Carrasco 0-0: Ball
1-0: Ground out U3 (Groundball, 3, EV 86.9 MPH)
Batting: RHB Mike Warzecha 0-0: Ball
1-0: Ball
2-0: Ball
3-0: Called Strike
3-1: Foul Ball, location: 2F
3-2: Foul Ball, location: 2F
3-2: Foul Ball, location: 2F
3-2: Foul Ball, location: 2F
3-2: Foul Ball, location: 2F
3-2: Foul Ball, location: 2F
3-2: Strikes out swinging
Batting: LHB Dustin Taylor 0-0: Ball
1-0: Ball
2-0: Ball
3-0: Base on Balls
Batting: LHB Angel Tellez 0-0: Called Strike
0-1: Ball
1-1: Called Strike
1-2: Ball
2-2: Ball
Wild Pitch!
Dustin Taylor to second
3-2: Foul Ball, location: 2F
3-2: Base on Balls
Batting: RHB Micah Brown 0-0: Called Strike
0-1: Foul Ball, location: 2F
0-2: SINGLE (Groundball, 4MD, EV 101.2 MPH)
Dustin Taylor to third
Angel Tellez to second
Runner from 3rd tries for Home, SAFE, throw by CF to home
Batting: RHB Mark Jones 0-0: Swinging Strike
0-1: Ball
1-1: Ground out 5-3 (Groundball, 56S, EV 91.9 MPH)
Bottom of the 1st over - 1 run, 1 hit, 0 errors, 2 left on base; Lexington 0 - Kannapolis 1
TOP OF THE 2ND
Lexington Legends batting - Pitching for Kannapolis Intimidators : RHP Matt Hastings
Batting: LHB Robby Diaz 0-0: Foul Ball, location: 2F
0-1: Ball
1-1: Fly out, F7 (Flyball, 7LM, EV 82.5 MPH)
Batting: RHB Kevin Roseen 0-0: Ball
1-0: Called Strike
1-1: SINGLE (Groundball, 4MD, EV 95.6 MPH)
Batting: RHB Justin Bonner 0-0: Ball
1-0: Called Strike
1-1: Ball
2-1: Ball
3-1: Fielders Choice at 2nd, 4-6 (Groundball, 4M, EV 79.4 MPH)
Batting: SHB Jared O'Connor 0-0: Ball
Justin Bonner steals 2nd base
1-0: Swinging Strike
1-1: Ground out 6-3 (Groundball, 6, EV 104.4 MPH)
Top of the 2nd over - 0 runs, 1 hit, 0 errors, 1 left on base; Lexington 0 - Kannapolis 1
BOTTOM OF THE 2ND
Kannapolis Intimidators batting - Pitching for Lexington Legends : RHP John Stein
Batting: RHB Danny Longoria 0-0: Ball
1-0: Ball
2-0: Called Strike
2-1: Swinging Strike
2-2: Foul Ball, location: 2F
2-2: Ball
3-2: Foul Ball, location: 2F
3-2: Base on Balls
Batting: RHB Ching-hsia Zhang 0-0: Ball
1-0: Fielders Choice at 2nd, 5-4 (Groundball, 56, EV 103.8 MPH)
Batting: RHB Tyrell Camp 0-0: Ball
1-0: Ball
2-0: Ball
3-0: Called Strike
3-1: Fly out, F9 (Flyball, 9S, EV 79.4 MPH)
Batting: LHB Alberto Carrasco 0-0: Ball
1-0: Foul Ball, location: 2F
1-1: Swinging Strike
1-2: Ball
2-2: Ground out U3 (Groundball, 3, EV 86.2 MPH)
Bottom of the 2nd over - 0 runs, 0 hits, 0 errors, 1 left on base; Lexington 0 - Kannapolis 1
TOP OF THE 3RD
Lexington Legends batting - Pitching for Kannapolis Intimidators : RHP Matt Hastings
Batting: RHB Matt Tittle 0-0: Ball
1-0: Foul Ball, location: 2F
1-1: Foul Ball, location: 2F
1-2: Strikes out swinging
Batting: RHB Danny Weisse 0-0: Ground out 1-3 (Groundball, 13S, EV 71.9 MPH)
Batting: RHB Taisei Fujii 0-0: Called Strike
0-1: SINGLE (Groundball, 6MD, EV 95.6 MPH)
Batting: LHB Danny Bailey 0-0: Called Strike
0-1: Ball
1-1: Foul Ball, location: 2F
1-2: Strikes out swinging
Top of the 3rd over - 0 runs, 1 hit, 0 errors, 1 left on base; Lexington 0 - Kannapolis 1
BOTTOM OF THE 3RD
Kannapolis Intimidators batting - Pitching for Lexington Legends : RHP John Stein
Batting: RHB Mike Warzecha 0-0: Called Strike
0-1: Ground out 6-3 (Groundball, 6, EV 95.0 MPH)
Batting: LHB Dustin Taylor 0-0: Ball
1-0: Ground out 3-1 (Groundball, 34, EV 88.8 MPH)
Batting: LHB Angel Tellez 0-0: SINGLE (Groundball, 3S, EV 69.4 MPH) (infield hit)
Batting: RHB Micah Brown 0-0: Called Strike
0-1: Ground out 5-3 (Groundball, 56, EV 103.8 MPH)
Bottom of the 3rd over - 0 runs, 1 hit, 0 errors, 1 left on base; Lexington 0 - Kannapolis 1
TOP OF THE 4TH
Lexington Legends batting - Pitching for Kannapolis Intimidators : RHP Matt Hastings
Batting: LHB Ho-win Zhou 0-0: Called Strike
0-1: Ball
1-1: Foul Ball, location: 2F
1-2: Foul Ball, location: 2F
1-2: Strikes out swinging
Batting: LHB Robby Diaz 0-0: Ball
1-0: Called Strike
1-1: Ball
2-1: Foul Ball, location: 2F
2-2: Fly out, F8 (Line Drive, 8RD, EV 89.4 MPH)
Batting: RHB Kevin Roseen 0-0: Called Strike
0-1: Ball
1-1: Fly out, F8 (Flyball, 8LXD, EV 86.9 MPH)
Top of the 4th over - 0 runs, 0 hits, 0 errors, 0 left on base; Lexington 0 - Kannapolis 1
BOTTOM OF THE 4TH
Kannapolis Intimidators batting - Pitching for Lexington Legends : RHP John Stein
Batting: RHB Mark Jones 0-0: Ball
1-0: Fly out, F7 (Flyball, 7LD, EV 98.1 MPH)
Batting: RHB Danny Longoria 0-0: Called Strike
0-1: Ball
1-1: Ground out 6-3 (Groundball, 6M, EV 77.5 MPH)
Batting: RHB Ching-hsia Zhang 0-0: Ball
1-0: Called Strike
1-1: Called Strike
1-2: Ball
2-2: Ball
3-2: Ground out U3 (Groundball, 34, EV 85.0 MPH)
Bottom of the 4th over - 0 runs, 0 hits, 0 errors, 0 left on base; Lexington 0 - Kannapolis 1
TOP OF THE 5TH
Lexington Legends batting - Pitching for Kannapolis Intimidators : RHP Matt Hastings
Batting: RHB Justin Bonner 0-0: Ball
1-0: Called Strike
1-1: Swinging Strike
1-2: Ball
2-2: Foul Ball, location: 2F
2-2: Strikes out swinging
Batting: SHB Jared O'Connor 0-0: SINGLE (Groundball, 34D, EV 110.0 MPH)
Batting: RHB Matt Tittle 0-0: Ball
1-0: Called Strike
1-1: Reached on error, E6 (Groundball, 6MS, EV 70.0 MPH)
Jared O'Connor to third
Batting: RHB Danny Weisse 0-0: Ball
1-0: Called Strike
1-1: Ball
2-1: Ball
3-1: Foul Ball, location: 2F
3-2: Base on Balls
Batting: RHB Taisei Fujii 0-0: Swinging Strike
0-1: Ball
1-1: Swinging Strike
1-2: Fly out, F4 (Flyball, 34D, EV 76.2 MPH)
Batting: LHB Danny Bailey 0-0: Called Strike
0-1: Foul Ball, location: 2F
0-2: Ground out 4-3 (Groundball, 4, EV 86.2 MPH)
Top of the 5th over - 0 runs, 1 hit, 1 error, 3 left on base; Lexington 0 - Kannapolis 1
BOTTOM OF THE 5TH
Kannapolis Intimidators batting - Pitching for Lexington Legends : RHP John Stein
Batting: RHB Tyrell Camp 0-0: Swinging Strike
0-1: Foul Ball, location: 2F
0-2: Ball
1-2: Foul Ball, location: 2F
1-2: Strikes out swinging
Batting: LHB Alberto Carrasco 0-0: Called Strike
0-1: Ball
1-1: Ground out 3-1 (Groundball, 34, EV 99.4 MPH)
Batting: RHB Mike Warzecha 0-0: Ball
1-0: Called Strike
1-1: Ball
2-1: SINGLE (Line Drive, 4M, EV 96.9 MPH)
Pitching: LHP Cory Musial
Batting: LHB Dustin Taylor 0-0: Ball
Wild Pitch!
Mike Warzecha to second
1-0: Called Strike
1-1: Called Strike
1-2: Ball
2-2: Foul Ball, location: 2F
2-2: Ground out U3 (Groundball, 34S, EV 85.0 MPH)
Bottom of the 5th over - 0 runs, 1 hit, 0 errors, 1 left on base; Lexington 0 - Kannapolis 1
TOP OF THE 6TH
Lexington Legends batting - Pitching for Kannapolis Intimidators : RHP Matt Hastings
Batting: LHB Ho-win Zhou 0-0: Foul Ball, location: 2F
0-1: Called Strike
0-2: Ball
1-2: Foul Ball, location: 2F
1-2: Ball
2-2: Strikes out swinging
Batting: LHB Robby Diaz 0-0: Ball
1-0: Called Strike
1-1: SINGLE (Line Drive, 78M, EV 109.4 MPH)
Batting: RHB Kevin Roseen 0-0: Ball
1-0: Foul Ball, location: 2F
1-1: Ground out 6-3 (Groundball, 6, EV 91.9 MPH)
Robby Diaz to second
Batting: RHB Justin Bonner 0-0: Called Strike
0-1: Ball
1-1: Ground out 5-3 (Groundball, 56S, EV 90.0 MPH)
Top of the 6th over - 0 runs, 1 hit, 0 errors, 1 left on base; Lexington 0 - Kannapolis 1
BOTTOM OF THE 6TH
Kannapolis Intimidators batting - Pitching for Lexington Legends : LHP Cory Musial
Batting: LHB Angel Tellez 0-0: Called Strike
0-1: Fly out, F7 (Flyball, 7, EV 85.6 MPH)
Batting: RHB Micah Brown 0-0: Ball
1-0: Ball
2-0: Called Strike
2-1: Swinging Strike
2-2: Foul Ball, location: 2F
2-2: Ball
3-2: Fly out, F9 (Flyball, 89D, EV 92.5 MPH)
Batting: RHB Mark Jones 0-0: Ball
1-0: Foul Ball, location: 2F
1-1: Ball
2-1: DOUBLE (Flyball, 78XD, EV 107.5 MPH)
Batting: RHB Danny Longoria 0-0: Swinging Strike
0-1: Ball
1-1: Foul Ball, location: 2F
1-2: Foul Ball, location: 2F
1-2: Ball
2-2: Fly out, F9 (Line Drive, 9D, EV 85.6 MPH)
Bottom of the 6th over - 0 runs, 1 hit, 0 errors, 1 left on base; Lexington 0 - Kannapolis 1
TOP OF THE 7TH
Lexington Legends batting - Pitching for Kannapolis Intimidators : RHP Matt Hastings
Batting: SHB Jared O'Connor 0-0: Ball
1-0: Called Strike
1-1: Ball
2-1: Fly out, F8 (Line Drive, 8RD, EV 90.0 MPH)
Batting: RHB Matt Tittle 0-0: Called Strike
0-1: Ball
1-1: Ball
2-1: Swinging Strike
2-2: Ball
3-2: Strikes out looking
Batting: RHB Danny Weisse 0-0: Ball
1-0: Foul Ball, location: 2F
1-1: Ball
2-1: Ball
3-1: Called Strike
3-2: Foul Ball, location: 2F
3-2: Fly out, F8 (Line Drive, 8LD, EV 84.4 MPH)
Top of the 7th over - 0 runs, 0 hits, 0 errors, 0 left on base; Lexington 0 - Kannapolis 1
BOTTOM OF THE 7TH
Kannapolis Intimidators batting - Pitching for Lexington Legends : LHP Cory Musial
Pitching: LHP Anton Erlykov
Batting: RHB Ching-hsia Zhang 0-0: Foul Ball, location: 2F
0-1: Ball
1-1: SINGLE (Groundball, 25, EV 71.9 MPH) (infield hit)
Batting: RHB Tyrell Camp 0-0: Fielders Choice at 2nd, 6-4 (Groundball, 6, EV 82.5 MPH)
Batting: LHB Alberto Carrasco 0-0: Ball
1-0: Called Strike
1-1: Ball
2-1: Swinging Strike
2-2: Foul Ball, location: 2F
2-2: Strikes out swinging
Batting: RHB Mike Warzecha 0-0: Called Strike
0-1: Foul Ball, location: 2F
0-2: Foul Ball, location: 2F
0-2: Fielders Choice at 2nd, 6-4 (Groundball, 56, EV 106.2 MPH)
Bottom of the 7th over - 0 runs, 1 hit, 0 errors, 1 left on base; Lexington 0 - Kannapolis 1
TOP OF THE 8TH
Lexington Legends batting - Pitching for Kannapolis Intimidators : RHP Matt Hastings
Pitching: RHP Juan Estrada
Batting: RHB Taisei Fujii 0-0: Swinging Strike
0-1: Swinging Strike
0-2: Foul Ball, location: 2F
0-2: Ball
1-2: Strikes out swinging
Batting: LHB Danny Bailey 0-0: Ball
1-0: Ball
2-0: Fly out, F9 (Flyball, 9LS, EV 93.1 MPH)
Batting: LHB Ho-win Zhou 0-0: Called Strike
0-1: Fly out, F8 (Flyball, 8LXD, EV 88.8 MPH)
Top of the 8th over - 0 runs, 0 hits, 0 errors, 0 left on base; Lexington 0 - Kannapolis 1
BOTTOM OF THE 8TH
Kannapolis Intimidators batting - Pitching for Lexington Legends : LHP Anton Erlykov
Pitching: RHP Austin Aubuchon
Batting: LHB Dustin Taylor 0-0: Ball
1-0: Ball
2-0: Ball
3-0: Called Strike
3-1: Called Strike
3-2: Base on Balls
Batting: LHB Angel Tellez 0-0: Ball
1-0: Ball
2-0: Swinging Strike
2-1: Foul Ball, location: 2F
2-2: Ball
3-2: Foul Ball, location: 2F
3-2: Fielders Choice at 2nd, 6-4 (Groundball, 6M, EV 85.0 MPH)
Batting: RHB Micah Brown 0-0: Ball
1-0: Foul Ball, location: 2F
1-1: Ball
2-1: 2-RUN HOME RUN (Flyball, 9D, EV 96.9 MPH), Distance : 362 ft
Batting: RHB Mark Jones 0-0: Called Strike
0-1: Foul Ball, location: 2F
0-2: Ball
1-2: Ball
2-2: Strikes out swinging
Batting: RHB Danny Longoria 0-0: Ball
1-0: Ball
2-0: Called Strike
2-1: Called Strike
2-2: Foul Ball, location: 2F
2-2: Strikes out swinging
Bottom of the 8th over - 2 runs, 1 hit, 0 errors, 0 left on base; Lexington 0 - Kannapolis 3
TOP OF THE 9TH
Lexington Legends batting - Pitching for Kannapolis Intimidators : RHP Juan Estrada
Pitching: RHP Tony Arriaga
Batting: LHB Robby Diaz 0-0: Called Strike
0-1: Ball
1-1: Ball
2-1: SINGLE (Flyball, 7LS, EV 89.4 MPH)
Batting: RHB Kevin Roseen 0-0: Called Strike
0-1: Called Strike
0-2: Ball
1-2: Strikes out swinging
Batting: RHB Justin Bonner 0-0: Foul Ball, location: 2F
0-1: Foul Ball, location: 2F
0-2: Ball
1-2: Ball
2-2: Ball
3-2: Foul Ball, location: 2F
3-2: Fly out, F7 (Flyball, 7D, EV 98.1 MPH)
Batting: SHB Jared O'Connor 0-0: Called Strike
0-1: Ball
1-1: Called Strike
1-2: Ball
2-2: Foul Ball, location: 2F
2-2: Ball
3-2: Strikes out swinging
Top of the 9th over - 0 runs, 1 hit, 0 errors, 1 left on base; Lexington 0 - Kannapolis 3
Thursday, March 31st , 2022 - OOTP Baseball 22.12 Build 89